 Dungeon Crawl Stone Soup version 0.19.4 (webtiles) character file.

1915 Jerry the Cleaver (level 9, -3/71 HPs)
             Began as a Formicid Fighter on Feb 5, 2017.
             Was an Initiate of Kikubaaqudgha.
             Killed by divine providence
             ... invoked by an orc priest
              (11 damage)
             ... on level 6 of the Dungeon.
             The game lasted 00:16:16 (6862 turns).

Jerry the Cleaver (Formicid Fighter)                Turns: 6862, Time: 00:16:17

Health: -3/71      AC: 15    Str: 24    XL:     9   Next: 39%
Magic:  9/9        EV:  7    Int:  8    God:    Kikubaaqudgha [......]
Gold:   336        SH:  4    Dex: 10    Spells: 0 memorised, 8 levels left

rFire  . . .     SeeInvis +     C - +2 hand axe (elec)
rCold  . . .     Gourm    .     F - +0 plate armour
rNeg   . . .     Faith    .     x - +0 buckler
rPois  +         Spirit   .     (helmet unavailable)
rElec  .         Reflect  .     (no cloak)
rCorr  .         Harm     .     p - +0 pair of gloves
MR     .....                    y - +0 pair of boots
Stlth  ..........               (no amulet)
                                (no ring)
                                w - ring of poison resistance

@: no status effects
A: permanent stasis, dig shafts and tunnels, four strong arms, antennae 3
a: Dig, Shaft Self, Renounce Religion


You were on level 6 of the Dungeon.
You worshipped Kikubaaqudgha.
Kikubaaqudgha was noncommittal.
You were not hungry.

You visited 2 branches of the dungeon, and saw 7 of its levels.

You collected 336 gold pieces.

Inventory:

Hand Weapons
 a - a +0 war axe
 C - a +2 hand axe of electrocution (weapon)
Armour
 p - a +0 pair of gloves (worn)
 x - a +0 buckler (worn)
 y - a +0 pair of boots (worn)
 F - a +0 plate armour (worn)
Jewellery
 w - a ring of poison resistance (left hand)
Wands
 t - a wand of paralysis (5/24)
 v - a wand of iceblast (5/15)
 z - a wand of slowing (35/48)
 E - a wand of flame (22/48)
Scrolls
 j - 5 scrolls of identify
 m - a scroll of random uselessness {unknown}
 r - a scroll of fog
 D - 3 scrolls of remove curse
Potions
 c - a potion of might
 e - a potion of cure mutation
 g - 2 potions of curing
 h - a potion of agility
 n - 2 potions of heal wounds
 o - a potion of haste {unknown}
 q - 3 potions of degeneration {unknown}
 s - a potion of berserk rage {unknown}
 B - a potion of lignification {unknown}
Books
 l - a book of Debilitation

   Spells                             Type                      Level
   a - Corona                         Hexes                        1
   b - Slow                           Hexes                        2
   c - Gell's Gravitas                Hexes/Translocation          3
   d - Inner Flame                    Hexes/Fire                   3
   e - Cause Fear                     Hexes                        4
   f - Leda's Liquefaction            Hexes/Earth                  4
Comestibles
 b - 2 beef jerkies
 d - a chunk of flesh
 f - 4 bread rations
 i - 9 fruits
 k - a meat ration


   Skills:
 + Level 6.6 Fighting
 * Level 8.7 Axes
 + Level 7.0 Armour
 - Level 4.4 Shields


You had 8 spell levels left.
You didn't know any spells.

Dungeon Overview and Level Annotations

Branches:
Dungeon (6/15)             Temple (1/1) D:6

Altars:
Ashenzari
Cheibriados
Dithmenos
Elyvilon
Fedhas
Gozag
Hepliaklqana
Kikubaaqudgha
Makhleb
Nemelex Xobeh
Okawaru
Qazlal
Ru
Sif Muna
Trog
Uskayaw
Vehumet
Xom
Yredelemnul
Zin
The Shining One

Shops:
D:4 *

Annotations:
D:5 Prince Ribbit


Innate Abilities, Weirdness & Mutations

You are under a permanent stasis effect.
You can dig through walls and to a lower floor.
Your four strong arms can wield two-handed weapons with a shield.
You have a pair of large antennae on your head. (SInv)


Message History

You hit the phantom but do no damage.
The orc warrior hits you with a long sword!
* * * LOW HITPOINT WARNING * * *
The phantom hits you but does no damage.
You are too injured to fight recklessly!
You are too injured to fight recklessly!
You are too injured to fight recklessly!
You are too injured to fight recklessly!
You are too injured to fight recklessly!
The orc wizard mumbles some strange words.
The orc wizard seems to speed up.
The orc wizard looks braver for a moment.
The phantom blinks!
The orc wizard points at you and mumbles some strange words.
The puff of flame hits you!
* * * LOW HITPOINT WARNING * * *
The orc priest mumbles some strange prayers to Beogh against you.
Beogh smites you!
You die...
Kikubaaqudgha rasps: "You have failed me!
Welcome... death!"

#.# #.# #..# #.# #.# .#
#..### #.####.### .# #....#
#.##.....# .# ##.#.#
#.##.###o###### .# #.#.#
#.#..# #...o..# .# #.#.#
#.#..###.####.##.# ##.#.#
#.#.....W......(.#####....#
#.#.##.รท...o.o.@.)(.......#
#.#.###.#####o########...##
#.#.###.#####.# #######.##
##.#...........# #...###.#
...########.#### #.#.....#
..## #[# #...##### #.# #.#
##.## #.# #.# #.# #.# #=#
#.#


You could see a phantom, an orc warrior, 2 orc priests and an orc wizard
(invisible).

Vanquished Creatures
  Pikel (D:5)
  Grinder (D:5)
  Eustachio (D:4)
  Menkaure (D:4)
  Edmund (D:4)
  Purgy (D:4)
  A slave (D:5)
  3 ogres
  A howler monkey (D:5)
  3 orc priests
  A hound (D:3)
  A centaur skeleton (D:5)
  An orc wizard (D:3)
  A hell rat (D:5)
  An iguana (D:4)
  A hound skeleton (D:6)
  Robin (D:3)
  8 gnolls
  6 adders
  3 river rats (D:5)
  An ooze (D:5)
  An adder skeleton (D:4)
  5 worms
  2 dart slugs (D:3)
  5 leopard geckos
  7 orcs
  2 giant cockroaches
  16 goblins
  4 hobgoblins
  20 jackals
  5 kobolds
  2 quokkas
  5 bats
  6 frilled lizards
  32 rats
151 creatures vanquished.

Vanquished Creatures (others)
  2 slaves (D:5)
  An orc (D:5)
3 creatures vanquished.

Grand Total: 154 creatures vanquished

Notes
Turn   | Place    | Note
-------+----------+-------------------------------------------
     0 | D:1      | Jerry the Formicid Fighter began the quest for the Orb.
     0 | D:1      | Reached XP level 1. HP: 18/18 MP: 1/1
   393 | D:1      | Reached XP level 2. HP: 21/24 MP: 2/2
   755 | D:2      | Reached skill level 3 in Axes
   755 | D:2      | Reached XP level 3. HP: 15/29 MP: 3/3
  1037 | D:2      | Found a faded altar of an unknown god.
  1559 | D:2      | Reached XP level 4. HP: 35/35 MP: 4/4
  2211 | D:3      | Noticed Robin
  2236 | D:3      | Killed Robin
  2236 | D:3      | Reached XP level 5. HP: 28/41 MP: 5/5
  2482 | D:3      | Reached skill level 4 in Axes
  3316 | D:3      | Reached XP level 6. HP: 39/47 MP: 6/6
  3763 | D:3      | Reached skill level 5 in Axes
  4269 | D:4      | Noticed an ogre
  4276 | D:4      | Killed an ogre
  4276 | D:4      | Reached XP level 7. HP: 34/54 MP: 7/7
  4432 | D:4      | Found a basalt altar of Yredelemnul.
  4433 | D:4      | Found a shimmering altar of Xom.
  4438 | D:4      | Found a sacrificial altar of Ru.
  4438 | D:4      | Found a radiant altar of Vehumet.
  4508 | D:4      | Reached skill level 5 in Armour
  4586 | D:4      | Noticed Edmund
  4597 | D:4      | Killed Edmund
  4622 | D:4      | Noticed Purgy
  4634 | D:4      | Killed Purgy
  4634 | D:4      | Reached skill level 6 in Axes
  4719 | D:4      | Reached XP level 8. HP: 48/61 MP: 8/8
  4847 | D:4      | Noticed Menkaure
  4850 | D:4      | Killed Menkaure
  4850 | D:4      | Reached skill level 5 in Fighting
  4928 | D:4      | Noticed Eustachio
  4954 | D:4      | Killed Eustachio
  4954 | D:4      | Reached skill level 7 in Axes
  5143 | D:4      | Found Zin's Purification Station.
  5146 | D:4      | Found a glowing silver altar of Zin.
  5202 | D:5      | Entered Level 5 of the Dungeon
  5256 | D:5      | Noticed Grinder
  5266 | D:5      | Noticed Pikel
  5285 | D:5      | Killed Pikel
  5285 | D:5      | Reached skill level 8 in Axes
  5285 | D:5      | Reached XP level 9. HP: 64/69 MP: 9/9
  5298 | D:5      | Killed Grinder
  5510 | D:5      | Noticed Prince Ribbit
  6340 | D:5      | Noticed a moth of wrath
  6343 | D:5      | Found a bloodstained altar of Trog.
  6528 | D:6      | Found a staircase to the Ecumenical Temple.
  6541 | Temple   | Entered the Ecumenical Temple
  6657 | Temple   | Became a worshipper of Kikubaaqudgha
  6726 | D:6      | Found a burning altar of Makhleb.
  6862 | D:6      | Killed from afar by an orc priest

Skill      XL: |  1  2  3  4  5  6  7  8  9 |
---------------+----------------------------+-----
Axes           | 3 4 5 6 8 |  8.7
Shields        | 4 |  4.4
Armour         | 4 5 6 7 |  7.0
Fighting       | 4 6 |  6.6

Action                   |  1- 3 |  4- 6 |  7- 9 || total
-------------------------+-------+-------+-------++-------
Melee: War axe           |    95 |   155 |       ||   250
       Trident           |       |    37 |       ||    37
       Hand axe          |       |    13 |   245 ||   258
 Abil: Dig               |       |     1 |     1 ||     2
  Use: Scroll            |       |     4 |     9 ||    13
       Potion            |       |       |     1 ||     1
  Eat: Meat ration       |     1 |       |       ||     1
       Chunk             |       |     6 |     9 ||    15
Armor: Scale mail        |    60 |   117 |     1 ||   178
       Plate armour      |       |       |   100 ||   100
Dodge: Dodged            |    69 |   130 |    46 ||   245
Block: Buckler           |       |    20 |    36 ||    56
